Map: Dusk Towers

Players

State - Winner!

  • Race: Protoss Protoss
  • League: Grandmaster

아마추어 (MC)

  • Race: Protoss Protoss
  • League: Grandmaster

VOD

Have the link to the VOD?

Description

Time

  • Played on: Nov. 25, 2015, 3:08 a.m.
  • Length: 6:17
Show
View Real Time Build Order
Export as new Build Order

State Protoss - Winner!

Build Orders: Nexus First 

Get SALT Encoding   

  12  0:01  Probe (Chrono Boost)  
  13  0:11  Probe (Chrono Boost)  
  14  0:18  Pylon  
  14  0:23  Probe (Chrono Boost)  
  15  0:36  Probe (Chrono Boost)  
  16  0:46  Probe (Chrono Boost)  
  17  0:59  Nexus  
  17  1:08  Gateway  
  17  1:12  Probe (Chrono Boost)  
  17  1:17  Assimilator  
  18  1:23  Probe (Chrono Boost)  
  19  1:26  Assimilator  
  19  1:33  Probe (Chrono Boost)  
  19  1:39  Gateway  
  20  1:44  Probe (Chrono Boost)  
  21  1:54  Probe (Chrono Boost)  
  21  1:57  Cybernetics Core  
  22  2:05  Probe (Chrono Boost)  
  23  2:13  Probe (Chrono Boost)  
  24  2:16  Probe (Chrono Boost)  
  25  2:23  Probe (Chrono Boost), Pylon  
  27  2:34  Probe (Chrono Boost)  
  27  2:35  Mothership Core (Chrono Boost), Stalker (Chrono Boost)  
  31  2:37  Stalker (Chrono Boost)  
  31  2:43  Warp Gate (Chrono Boost)  
  33  2:50  Gateway  
  33  2:52  Probe  
  33  2:55  Probe  
  35  3:03  Pylon  
  35  3:07  Stalker (Chrono Boost)  
  35  3:10  Stalker (Chrono Boost)  
  39  3:26  Gateway  
  39  3:28  Pylon  
  39  3:36  Stalker (Chrono Boost), Probe  
  39  3:38  Probe  
  39  3:40  Stalker  
  44  3:46  Robotics Facility  
  44  3:58  Pylon  
  44  4:01  Pylon  
  44  4:09  Stalker  
  48  4:23  Pylon  
  48  4:24  Pylon  
  46  4:33  Immortal (Chrono Boost)  
  46  4:34  Gateway  
  49  4:44  Gateway  
  47  4:46  Gateway  
  47  4:49  Adept  
  49  4:55  Gateway  
  49  5:04  Gateway  
  45  5:19  Stalker  
  38  5:40  Immortal (Chrono Boost)  
  38  5:47  Stalker x3  
  38  5:51  Stalker  
  34  6:06  Stalker  
Show
View Real Time Build Order
Export as new Build Order

아마추어 Protoss 

Build Orders:  

Get SALT Encoding   

  12  0:01  Probe (Chrono Boost)  
  13  0:12  Probe (Chrono Boost)  
  14  0:18  Pylon  
  14  0:22  Probe (Chrono Boost)  
  15  0:37  Probe (Chrono Boost)  
  15  0:39  Gateway  
  16  0:47  Probe (Chrono Boost), Assimilator  
  17  0:52  Assimilator  
  17  0:58  Probe (Chrono Boost)  
  18  1:06  Gateway  
  18  1:08  Probe (Chrono Boost)  
  19  1:19  Probe (Chrono Boost)  
  20  1:28  Cybernetics Core  
  20  1:29  Probe (Chrono Boost)  
  21  1:35  Pylon  
  21  1:40  Probe (Chrono Boost)  
  22  1:50  Probe (Chrono Boost)  
  23  2:04  Warp Gate (Chrono Boost)  
  23  2:05  Adept x2  
  27  2:10  Mothership Core  
  27  2:15  Pylon  
  29  2:32  Stalker  
  29  2:33  Stalker  
  33  2:39  Gateway  
  33  2:49  Gateway  
  33  3:06  Stalker x2  
  37  3:16  Pylon  
  37  3:24  Pylon  
  37  3:52  Stalker  
  37  3:53  Stalker x3  
  45  3:57  Pylon  
  45  4:00  Pylon  
  43  4:30  Stalker x4  
  47  4:56  Adept x4  
  43  5:28  Adept  
  40  5:29  Stalker x3  
  26  5:50  Adept  
  23  6:08  Stalker x2  
  23  6:09  Stalker  
Tags
 
Add a new tag
Caveats
  • Supply blocks, unpowered buildings, or Contaminate may cause inaccurate times.
  • Supply counts are checked every 10 seconds.